 Dungeon Crawl Stone Soup version 0.29-a0-1009-g60c99734e7 (webtiles) character file.

Game seed: 2713182985524673690

1734 Manisian the Covert (level 8, -1/37 HPs)
             Began as a Spriggan Enchanter on Aug 8, 2022.
             Was an Initiate of Dithmenos.
             Slain by an orc
             ... wielding a +0 flail
              (9 damage)
             ... on level 6 of the Dungeon.
             The game lasted 00:20:17 (8113 turns).

Manisian the Covert (Spriggan Enchanter)            Turns: 8113, Time: 00:20:18

Health: -1/37      AC: -1    Str:  4    XL:     8   Next: 76%
Magic:  12/18      EV: 19    Int: 16    God:    Dithmenos [......]
Gold:   197        SH:  0    Dex: 24    Spells: 5/19 levels left

rFire   . . .      SeeInvis +   j - +6 dagger (drain)
rCold   . . .      Faith    .   (no shield)
rNeg    . . .      Spirit   .   b - +0 robe
rPois   .          Reflect  .   (helmet restricted)
rElec   .          Harm     .   s - +0 cloak
rCorr   .          Rampage  .   (gloves unavailable)
Will    +....                   (boots unavailable)
Stlth   +++++.....              (no amulet)
HPRegen 0.12/turn               f - ring of flight
MPRegen 0.16/turn               g - +6 ring of dexterity

@: corroded, flying, very quick
A: very small, no large weapons, unfitting armour, see invisible, speed 3
a: Renounce Religion


You were on level 6 of the Dungeon.
You worshipped Dithmenos.
Dithmenos was noncommittal.
You visited 2 branches of the dungeon, and saw 7 of its levels.

You collected 197 gold pieces.

Inventory:

Hand Weapons
 a - a +1 dagger of freezing
 h - a +1 dagger of venom
 j - a +6 dagger of draining (weapon)
Missiles
 w - 2 throwing nets
Armour
 b - a +0 robe (worn)
 s - a +0 cloak (worn)
Jewellery
 f - a ring of flight (left hand)
 g - a +6 ring of dexterity (right hand)
Wands
 r - a wand of paralysis (8)
Scrolls
 n - 6 scrolls of teleportation
 q - a scroll of torment {unknown}
 t - a scroll of vulnerability {unknown}
 v - a scroll of summoning
 x - a scroll of magic mapping
Potions
 c - a potion of invisibility
 d - a potion of brilliance
 e - 2 potions of ambrosia
 i - a potion of berserk rage
 k - a potion of flight {unknown}
 l - 3 potions of might
 m - 3 potions of curing
 o - 2 potions of attraction
 p - a potion of lignification
 u - 2 potions of mutation
 A - a potion of degeneration {unknown}


   Skills:
 + Level 1.2 Fighting
 + Level 3.4 Short Blades
 + Level 3.7 Dodging
 * Level 11.1 Stealth
 + Level 6.3 Spellcasting
 + Level 6.8 Hexes
 - Level 2.0 Ice Magic
 * Level 2.5 Air Magic
 + Level 0.6 Evocations


You had 5 spell levels left.
You knew the following spells:

 Your Spells              Type           Power      Damage    Failure   Level
a - Ensorcelled Hibernat  Hex/Ice        38%        N/A       3%          2
b - Confusing Touch       Hex            27%        N/A       2%          3
c - Tukima's Dance        Hex            27%        N/A       2%          3
d - Dazzling Flash        Conj/Hex       32%        N/A       10%         3
e - Swiftness             Air            13%        N/A       14%         3

Your spell library contained the following spells:

 Spells                   Type           Power      Damage    Failure   Level
 Passwall                 Tmut/Erth      4%         N/A       21%         2
 Silence                  Hex/Air        10%        N/A       47%         5
 Agony                    Necr           5%         N/A       98%         5


Dungeon Overview and Level Annotations

Branches:
Dungeon (6/15)             Temple (1/1) D:6

Altars:
Ashenzari
Dithmenos
Elyvilon
Gozag
Hepliaklqana
Makhleb
Nemelex Xobeh
Okawaru
Ru
Sif Muna
Trog
Uskayaw
Vehumet
Wu Jian
Xom
Yredelemnul
Zin

Annotations:
D:3 2 transporters, garrulousMonolith's ghost, weakling HOFi


Innate Abilities, Weirdness & Mutations

You are very small and have problems with some larger weapons.
You are too small for most types of armour.
You have supernaturally acute eyesight. (SInv)
You cover ground extremely quickly. (Speed+++)


Message History

The gnolls pick up the pace!
The orc barely misses you.
You barely miss the gnoll.
The gnoll is no longer blind.
The gnoll misses you. The gnoll hits you with a +0 spear.
The gnoll closely misses you. The orc hits you with a +0 flail.
The gnoll barely misses you.
The gnoll bouda gazes fiercely through you!
You feel your attacks grow feeble.
Casting: Dazzling Flash (dangerous; 10% risk of failure)
Confirm with . or Enter, or press ? or * to list all spells.
Casting: Dazzling Flash (dangerous; 10% risk of failure)
Press: ? - help, Dir - look around, f - activate The gnoll is dazzled. x2; The gnoll bouda is dazzled.
The gnoll barely misses you. The gnoll closely misses you.
The gnoll misses you. The orc completely misses you.
You hit the gnoll but do no damage. The gnoll barely misses you.
The gnoll misses you.
Unknown command.
You hit the gnoll but do no damage.
The gnoll hits you from afar with a +0 spear.
* * * LOW HITPOINT WARNING * * *
The orc barely misses you. The gnoll closely misses you.
The gnoll throws a throwing net.
The throwing net hits you.
You become entangled in the net!
You see here a throwing net.
You tear a large gash into the net.
The orc barely misses you.
You struggle against the net.
The gnoll is no longer blind.
The orc barely misses you.
You shred the net and break free!
Your attacks no longer feel as feeble.
The gnoll is no longer blind.
The orc barely misses you. The gnoll closely misses you.
The gnoll bouda is no longer blind.
Casting: Dazzling Flash (dangerous; 10% risk of failure)
Confirm with . or Enter, or press ? or * to list all spells.
Aiming: Ensorcelled Hibernation (safe; 3% risk of failure)
Press: ? - help, Shift-Dir - straight line, f - orc
Aim: an orc, wielding a +0 flail (chance to affect: 69%)
The orc struggles to resist.
The orc hits you with a +0 flail!
You die...

#############
#...>...#...#######
#.8...8.#..........
#.......#?)))......
#.8†..8.#..))......
#.......#gg.#######
#.8...8.#g#.#
#.......#o#.#
########.####@#[#
####......†....#.#.#
...............#.#.#
........>.........>#
...............#.######
####.[.........#......#
#...........#......#
#..........>#...)..#
#...........#......#


You could see a gnoll bouda, 2 gnolls and an orc.

Vanquished Creatures
  A wyvern (D:6)
  Eustachio (D:5)
  A water moccasin (D:6)
  Duvessa (D:6)
  An orc warrior (D:5)
  2 ogres (D:5)
  3 kobold brigands
  A scorpion (D:5)
  Dowan (D:6)
  A jelly (D:6)
  2 hounds
  3 orc priests
  3 iguanas
  An orc wizard (D:6)
  5 gnolls
  8 adders
  2 white imps
  2 ufetubi
  3 dart slugs
  13 orcs
  5 bats
  13 endoplasms
  4 giant cockroaches
  11 goblins
  4 hobgoblins
  6 jackals
  7 quokkas
  9 ball pythons
  3 frilled lizards
  18 kobolds
  7 rats
142 creatures vanquished.

Vanquished Creatures (collateral kills)
  Blork the orc (D:6)
  An orc wizard (D:4)
  An orc (D:4)
  A kobold (D:6)
4 creatures vanquished.

Vanquished Creatures (others)
  2 dancing weapons
  3 bushes (D:5)
  11 plants (D:5)
16 creatures vanquished.

Grand Total: 162 creatures vanquished

Notes
Turn   | Place    | Note
-------+----------+-------------------------------------------
     0 | D:1      | Manisian the Spriggan Enchanter began the quest for the
                  | Orb.
     0 | D:1      | Reached XP level 1. HP: 9/9 MP: 5/5
    19 | D:1      | Found a faded altar of an unknown god.
   656 | D:1      | Reached XP level 2. HP: 13/13 MP: 6/6
   925 | D:1      | Learned a level 2 spell: Ensorcelled Hibernation
  1049 | D:1      | Reached skill level 5 in Stealth
  1333 | D:1      | Reached XP level 3. HP: 16/16 MP: 5/8
  1343 | D:1      | Learned a level 3 spell: Confusing Touch
  2803 | D:2      | Reached XP level 4. HP: 21/21 MP: 9/9
  2807 | D:2      | Learned a level 3 spell: Tukima's Dance
  2868 | D:2      | Reached skill level 6 in Stealth
  3531 | D:2      | Reached skill level 1 in Ice Magic
  3706 | D:3      | Found a transporter.
  3709 | D:3      | Found a transporter.
  3709 | D:3      | Noticed garrulousMonolith's ghost (weakling HOFi)
  3750 | D:3      | Reached skill level 7 in Stealth
  3770 | D:3      | Reached XP level 5. HP: 11/24 MP: 2/11
  4953 | D:4      | Reached XP level 6. HP: 23/29 MP: 1/13
  4960 | D:4      | Learned a level 3 spell: Dazzling Flash
  5386 | D:5      | Entered Level 5 of the Dungeon
  5407 | D:5      | Reached skill level 8 in Stealth
  5974 | D:5      | Reached XP level 7. HP: 32/32 MP: 10/14
  5978 | D:5      | Learned a level 3 spell: Swiftness
  6050 | D:5      | Reached skill level 5 in Hexes
  6386 | D:5      | Reached skill level 9 in Stealth
  6386 | D:5      | Reached skill level 5 in Spellcasting
  6386 | D:5      | Reached skill level 1 in Air Magic
  6537 | D:5      | Noticed Eustachio
  6539 | D:5      | Killed Eustachio
  7019 | D:6      | Reached XP level 8. HP: 37/37 MP: 17/17
  7021 | D:6      | Reached skill level 10 in Stealth
  7055 | D:6      | Noticed Dowan
  7057 | D:6      | Noticed Duvessa
  7099 | D:6      | Killed Duvessa
  7112 | D:6      | Killed Dowan
  7567 | D:6      | Noticed Blork the orc
  7578 | D:6      | Killed Blork the orc
  7615 | D:6      | Found a shimmering blue altar of Sif Muna.
  7633 | D:6      | Found an ornate altar of the Wu Jian Council.
  7667 | D:6      | Found a staircase to the Ecumenical Temple.
  7682 | Temple   | Entered the Ecumenical Temple
  7836 | Temple   | Became a worshipper of Dithmenos the Shadowed
  8092 | D:6      | Reached skill level 1 in Fighting
  8093 | D:6      | Reached skill level 11 in Stealth
  8113 | D:6      | Slain by an orc

Illustrated notes

Levels and vault maps discovered:
D:1:      minmay_arrival_checkered_box, layout_basic,
          nicolae_ecumenical_lake_church, hangedman_abyss_or_decor_stabs
D:2:      layout_basic, kennysheep_generic_room_14
D:3:      layout_loops_cross, gammafunk_ghost_arena
D:4:      layout_basic, kennysheep_cluttered_room, roderic_roman_lattice,
          minivault_1
D:5:      layout_loops_ring, st_stairs_6, lexackson_kobold_supper,
          uniq_eustachio
D:6:      kennysheep_windowed_halls, layout_basic,
          pdpol_wu_jian_five_deadly_venoms, mainiacjoe_overflow_swirl, tgw_sif,
          serial_shops, nicolae_lakefront_shop, grunt_ministairs_3,
          uniq_duvessa, uniq_sigmund
Temple:   regret_index_temple_waves

Skill      XL: |  1  2  3  4  5  6  7  8 |
---------------+-------------------------+-----
Hexes          | 4 5 6 |  6.8
Stealth        | 5 7 8 9 11 | 11.1
Dodging        | 3 |  3.7
Spellcasting   | 3 4 5 6 |  6.3
Ice Magic      | 1 2 |  2.0
Short Blades   | 2 3 |  3.4
Air Magic      | 1 2 |  2.5
Fighting       | 1 |  1.2
Evocations     | |  0.6

Action                   |  1- 3 |  4- 6 |  7- 9 || total
-------------------------+-------+-------+-------++-------
Melee: Dagger            |   161 |    94 |    70 ||   325
       Punch             |     1 |     1 |     1 ||     3
 Cast: Ensorcelled Hiber |    32 |    36 |    25 ||    93
       Confusing Touch   |     1 |       |       ||     1
       Tukima's Dance    |       |     5 |    12 ||    17
       Dazzling Flash    |       |       |     2 ||     2
Evoke: Wand              |       |       |     2 ||     2
  Use: Scroll            |     5 |    16 |     7 ||    28
       Potion            |       |       |     3 ||     3
 Stab: Sleeping          |    23 |    30 |    23 ||    76
       Distracted        |       |     1 |       ||     1
       Invisible         |       |       |     4 ||     4
Armor: Robe              |    20 |     6 |     5 ||    31
Dodge: Dodged            |   159 |    52 |    75 ||   286

Table legend: (Time is in decaauts)
 A = Elapsed time spent in this place.
 B = Non-inter-level travel time spent in this place.
 C = Inter-level travel time spent in this place.
 D = Time resting spent in this place.
 E = Time spent auto-exploring this place.
 F = Levels seen in this place.
 G = Mean time per level.
                   A        B        C        D        E       F      G
               +--------+--------+--------+--------+--------+-----+--------+
         Total |   6518 |   6341 |    177 |    858 |   4372 |   7 |  931.1 |
       Dungeon |   6398 |   6263 |    135 |    858 |   4307 |   6 | 1066.3 |
        Temple |    119 |     77 |     42 |      0 |     65 |   1 |  119.0 |
               +--------+--------+--------+--------+--------+-----+--------+

Top non-repeatable levels by time:
     D:1: 1659 daAuts
     D:2: 1322 daAuts
     D:5: 1289 daAuts
     D:6: 815 daAuts
     D:3: 664 daAuts
     D:4: 648 daAuts
  Temple: 119 daAuts
